 Dungeon Crawl Stone Soup version 0.17-a0-1481-gfdcec5c (webtiles) character file.

211 amnekian the Slasher (level 6, -2/47 HPs)
             Began as a Human Fighter on July 4, 2015.
             Killed from afar by Sigmund (15 damage)
             ... with a puff of flame
             ... on level 4 of the Dungeon.
             The game lasted 00:29:18 (4249 turns).

amnekian the Slasher (Human Fighter)                Turns: 4249, Time: 00:29:18

Health: -2/47      AC:  7    Str: 21    XL:     6   Next: 13%
Magic:  6/6        EV:  8    Int:  8    God:
Gold:   169        SH:  9    Dex: 15    Spells: 0 memorised, 5 levels left

rFire  . . .     SeeInvis .     a - +0 long sword
rCold  + . .     Clarity  .     l - +1 ring mail {rC+}
rNeg   . . .     SustAt   .     c - +0 shield
rPois  .         Gourm    .     (no helmet)
rElec  .         Spirit   .     u - +0 cloak
rCorr  .         Warding  .     (no gloves)
rMut   .         Stasis   .     (no boots)
MR     .....                    (no amulet)
Stlth  +.........               (no ring)
                                n - ring of wizardry

@: mighty, not resistant to hostile enchantments, very unstealthy
A: no striking features
a: no special abilities


You were on level 4 of the Dungeon.
You were not hungry.

You visited 1 branch of the dungeon, and saw 4 of its levels.

You collected 169 gold pieces.

Inventory:

Hand weapons
 a - a +0 long sword (weapon)
 b - a +0 hunting sling
 i - a +1 flail of holy wrath
Missiles
 f - 72 stones (quivered)
Armour
 c - a +0 shield (worn)
 l - a +1 ring mail of cold resistance (worn)
 u - a +0 cloak (worn)
Jewellery
 n - a ring of wizardry (left hand)
Scrolls
 j - 2 scrolls of recharging {unknown}
 p - 2 scrolls of remove curse
 q - 2 scrolls of amnesia {unknown}
 r - 2 scrolls of teleportation
 s - a scroll of fog {unknown}
 t - 2 scrolls of identify {unknown}
Potions
 d - a potion of might
 k - 2 potions of heal wounds {unknown}
 m - 2 potions of curing {unknown}
 v - a potion of mutation {unknown}
Comestibles
 e - a bread ration
 g - 2 meat rations
 h - a chunk of flesh
 o - a beef jerky


   Skills:
 - Level 3.0 Fighting
 + Level 5.9 Long Blades
 - Level 3.0 Armour
 - Level 3.0 Shields


You had 5 spell levels left.
You didn't know any spells.

Dungeon Overview and Level Annotations

Branches:
Dungeon (4/15)
 Temple: D:4-7

Altars:
Fedhas

Annotations:
D:3 exclusion: downstairs
D:4 Sigmund


Message History

You closely miss something. Something hits you but does no damage.
You barely miss something. Something hits you.
You closely miss something. Something hits you but does no damage.
You hear some strange, mumbled words.
Something tries to affect you, but you resist.
Something hits you.
You closely miss something.
You hear some strange, mumbled words.
A magic dart appears from out of thin air!
The magic dart hits you!
You hear some strange, mumbled words.
A puff of flame appears from out of thin air!
The puff of flame hits you!
* * * LOW HITPOINT WARNING * * *
You miss something.
You hear some strange, mumbled words.
A puff of flame appears from out of thin air!
The puff of flame hits you!
You die...

##.## ###......#
....##########...#
##.........# ##..#
#.#.......# ###.#
#.##......# #...#
#..#).....# #...#
##.<......# #...#
##.....#.###...#
###...#......@#
#...#####...#
#...# #...# #####
#...# #...# #####


There were no monsters in sight!

Vanquished Creatures
  The ghost of Fluffy the Skirmisher, a weakling DsAK of Lugonu (D:3)
  An orc priest (D:2)
  2 adders
  3 gnolls
  An adder skeleton (D:4)
  A worm (D:2)
  5 orcs
  A ball python (D:1)
  12 bats
  10 hobgoblins
  8 kobolds
  6 giant cockroaches
  4 giant geckos
  8 giant newts
  5 goblins
  12 rats
80 creatures vanquished.

Notes
Turn   | Place    | Note
--------------------------------------------------------------
     0 | D:1      | amnekian the Human Fighter began the quest for the Orb.
     0 | D:1      | Reached XP level 1. HP: 18/18 MP: 1/1
    85 | D:1      | Reached XP level 2. HP: 22/24 MP: 2/2
   646 | D:2      | Reached XP level 3. HP: 29/29 MP: 3/3
   772 | D:2      | Found a blossoming altar of Fedhas.
  2193 | D:3      | Noticed a phantom
  2209 | D:3      | Reached XP level 4. HP: 35/35 MP: 4/4
  2286 | D:2      | Reached skill level 4 in Long Blades
  2397 | D:3      | Noticed Fluffy's ghost (weakling DsAK)
  3178 | D:2      | Reached skill level 5 in Long Blades
  3178 | D:2      | Reached XP level 5. HP: 28/41 MP: 5/5
  3349 | D:3      | Killed Fluffy's ghost
  3727 | D:4      | Reached XP level 6. HP: 36/47 MP: 6/6
  4199 | D:4      | Noticed Sigmund
  4249 | D:4      | Killed from afar by Sigmund

Vault maps used:
D:1:      enne_arrival_octagon_isle
D:2:      nicolae_overflow_crystal_walls, minivault_11, minmay_distorted
D:3:      minmay_cut_off
D:4:      lemuel_crystal_altar, nicolae_overflow_hidden_temple,
          makhleb_grotto_becter, uniq_sigmund, uniq_purgy

Action                   |  1- 3 |  4- 6 || total
-------------------------+-------+-------++-------
Melee: Long sword        |   147 |   140 ||   287
       Flail             |       |    15 ||    15
 Fire: Hunting sling     |       |     9 ||     9
Throw: Stone             |    74 |    24 ||    98
  Use: Scroll            |     4 |       ||     4
       Potion            |       |     1 ||     1
  Eat: Chunk             |     4 |     7 ||    11
